 Dungeon Crawl Stone Soup version 0.25.0-9-g26727b657a (webtiles) character file.

Game seed: 18401159705838506275

22 shadizar the Insei (level 2, -6/19 HPs)
             Began as an Octopode Transmuter on June 21, 2020.
             Mangled by a worm (7 damage)
             ... on level 2 of the Dungeon.
             The game lasted 00:01:12 (1001 turns).

shadizar the Insei (Octopode Transmuter)            Turns: 1001, Time: 00:01:13

Health: -6/19      AC:  1    Str:  9    XL:     2   Next: 91%
Magic:  5/5        EV: 13    Int: 15    God:
Gold:   46         SH:  0    Dex: 12    Spells: 4/5 levels left

rFire    . . .     SeeInvis .     - Unarmed
rCold    . . .     Gourm    .   (no shield)
rNeg     . . .     Faith    .   (helmet restricted)
rPois    .         Spirit   .   (no amulet)
rElec    .         Reflect  .   (no ring)
rCorr    .         Harm     .   (no ring)
MR       .....                  (no ring)
Stlth    +++.......             (no ring)
HPRegen  0.06/turn              (no ring)
MPRegen  0.09/turn              (no ring)
                                (no ring)
                                (no ring)

@: no status effects
A: almost no armour, stealthy swim, amphibious, 8 rings, constrict 8, camouflage
1, gelatinous body 1
a: no special abilities


You were on level 2 of the Dungeon.
You were not hungry.

You visited 1 branch of the dungeon, and saw 2 of its levels.

You collected 46 gold pieces.

Inventory:

Hand Weapons
 l - a +0 hunting sling
Missiles
 a - 12 arrows
 m - 70 stones (quivered)
Jewellery
 g - an uncursed ring of stealth {unknown}
Scrolls
 d - a scroll of amnesia {unknown}
 h - a scroll of immolation {unknown}
 i - 2 scrolls of identify {unknown}
 j - a scroll of random uselessness {unknown}
 k - a scroll of fog {unknown}
Potions
 b - a potion of invisibility {unknown}
 e - a potion of lignification {unknown}
Comestibles
 c - 2 rations
 f - 4 chunks of flesh


   Skills:
 + Level 1.7 Fighting
 - Level 2.0 Dodging
 + Level 1.9 Stealth
 + Level 3.3 Unarmed Combat
 - Level 2.0 Spellcasting
 - Level 2.0 Transmutations


You had 4 spell levels left.
You knew the following spells:

 Your Spells              Type           Power        Failure   Level  Hunger
a - Beastly Appendage     Tmut           #.....       10%         1    #......

Your spell library contained the following spells:

 Spells                   Type           Power        Failure   Level  Hunger
 Sticks to Snakes         Tmut           #.......     14%         2    ###....
 Spider Form              Tmut/Pois      #.........   41%         3    ###....
 Ice Form                 Ice/Tmut       #.......     82%         4    #####..
 Blade Hands              Tmut           #.........   95%         5    ######.


Dungeon Overview and Level Annotations

Branches:
Dungeon (2/15)

Altars:


Innate Abilities, Weirdness & Mutations

You cannot wear most types of armour.
You are very stealthy in the water. (Stealth+)
You are amphibious.
You can wear up to eight rings at the same time.
You can use your tentacles to constrict eight enemies at once.
Your skin changes colour to match your surroundings (Stealth+).
Your rubbery body absorbs attacks. (AC +1, EV +1)


Message History

Press: ? - help, Shift-Dir - straight line, f/p - worm
Aim: a worm (heavily wounded)
You shoot a stone. The stone hits the worm.
The worm is heavily wounded.
The worm barely misses you.
Firing (i - inventory)
m - 71 stones (quivered)
Press: ? - help, Shift-Dir - straight line, f/p - worm
Aim: a worm (heavily wounded)
You shoot a stone. The stone barely misses the worm.
The worm bites you!
Ouch! That really hurt!
* * * LOW HITPOINT WARNING * * *
You are now empty-tentacled.
You are too injured to fight recklessly!
You are too injured to fight recklessly!
You tentacle-slap the worm. Your grab misses the worm.
The worm is severely wounded.
You tentacle-slap the worm. You grab the worm.
The worm is severely wounded.
You constrict the worm. The worm bites you!
You die...

#########
#<.......
#@#######
.....(w.#
.####(###
#. . ##


You could see a worm.

Vanquished Creatures
  A dart slug (D:1)
  3 bats (D:1)
  3 goblins (D:1)
  5 hobgoblins (D:1)
  4 kobolds (D:1)
  A rat (D:1)
17 creatures vanquished.

Notes
Turn   | Place    | Note
-------+----------+-------------------------------------------
     0 | D:1      | shadizar the Octopode Transmuter began the quest for the
                  | Orb.
     0 | D:1      | Reached XP level 1. HP: 13/13 MP: 3/3
   306 | D:1      | Reached skill level 1 in Stealth
   306 | D:1      | Reached XP level 2. HP: 14/18 MP: 5/5
  1001 | D:2      | Mangled by a worm

Illustrated notes

Levels and vault maps discovered:
D:1:      grunt_arrival_crossed_arrows, layout_rooms
D:2:      minmay_spotlight, layout_loops_cross, hangedman_decor_peaks_small,
          minmay_misc_feat_enclosed

Skill      XL: |  1 |
---------------+----+-----
Stealth        | 1 |  1.9
Fighting       | |  1.7
Dodging        | |  2.0
Unarmed Combat | |  3.3
Spellcasting   | |  2.0
Transmutations | |  2.0

Action                   || total
-------------------------++-------
Melee: Unarmed           ||    45
       Constrict         ||    14
       Tentacles         ||    10
       Punch             ||     2
 Fire: Hunting sling     ||     6
 Stab: Sleeping          ||     6
Armor: Skin              ||     3
Dodge: Dodged            ||    29
